 Dungeon Crawl Stone Soup version 0.23-a0-171-g5ae17c6 (webtiles) character file.

94 grindst0ne the Skirmisher (level 4, 0/33 HPs)
             Began as an Octopode Fighter on Sept 13, 2018.
             Slain by a gnoll
             ... wielding a +0 spear
              (6 damage)
             ... on level 3 of the Dungeon.
             The game lasted 00:02:26 (1124 turns).

grindst0ne the Skirmisher (Octopode Fighter)        Turns: 1124, Time: 00:02:27

Health: 0/33       AC:  1    Str: 20    XL:     4   Next: 63%
Magic:  4/4        EV: 11    Int: 11    God:
Gold:   74         SH:  9    Dex: 11    Spells: 3/3 levels left

rFire    . . .     SeeInvis .   a - +0 flail
rCold    . . .     Gourm    .   b - +0 shield
rNeg     . . .     Faith    .   (helmet restricted)
rPois    .         Spirit   .   (no amulet)
rElec    .         Reflect  .   (no ring)
rCorr    .         Harm     .   (no ring)
MR       .....                  (no ring)
Stlth    ++........             (no ring)
HPRegen  0.11/turn              (no ring)
MPRegen  0.09/turn              (no ring)
                                (no ring)
                                (no ring)

@: mighty
A: almost no armour, stealthy swim, amphibious, 8 rings, constrict 8, camouflage
1, gelatinous body 1
a: no special abilities


You were on level 3 of the Dungeon.
You were not hungry.

You visited 1 branch of the dungeon, and saw 3 of its levels.

You collected 74 gold pieces.

Inventory:

Hand Weapons
 a - a +0 flail (weapon)
Armour
 b - a +0 shield (worn)
Scrolls
 e - 2 scrolls of enchant weapon {unknown}
 h - a scroll of immolation {unknown}
 i - a scroll of magic mapping {unknown}
 k - a scroll of teleportation {unknown}
 l - a scroll of random uselessness {unknown}
Potions
 f - a potion of cancellation {unknown}
 j - a potion of curing {unknown}
 m - a potion of heal wounds {unknown}
 n - a potion of invisibility {unknown}
Comestibles
 d - 4 rations
 g - 6 chunks of flesh


   Skills:
 + Level 3.9 Fighting
 + Level 3.2 Maces & Flails
 - Level 3.0 Dodging
 * Level 3.7 Shields


You had 3 spell levels left.
You didn't know any spells.
Your spell library was empty.

Dungeon Overview and Level Annotations

Branches:
Dungeon (2/15)

Altars:
Trog


Innate Abilities, Weirdness & Mutations

You cannot wear most types of armour.
You are very stealthy in the water. (Stealth+)
You are amphibious.
You can wear up to eight rings at the same time.
You can use your tentacles to constrict eight enemies at once.
Your skin changes colour to match your surroundings (Stealth+).
Your rubbery body absorbs attacks. (AC +1, EV +1)


Message History

A gnoll comes into view.
The hobgoblin shouts!
The gnoll shouts!
You hear a shout! x2
You hit the hobgoblin. You grab the hobgoblin.
The hobgoblin is heavily wounded.
You constrict the hobgoblin.
You kill the hobgoblin!
A gnoll comes into view. It is wielding a spear.
Found a ration.
Your shield prevents you from hitting the gnoll.
You grab the gnoll. You constrict the gnoll. The gnoll hits you.
You hit the gnoll.
The gnoll is heavily wounded.
You constrict the gnoll. The gnoll barely misses you.
The gnoll hits you from afar with a spear!
* * * LOW HITPOINT WARNING * * *
You release your grip on the gnoll.
You feel very mighty all of a sudden. The gnoll closely misses you.
The gnoll hits you from afar with a spear.
You die...

......g.g......'........#
#..
###########.####..).....#
#.. #.# ##)#######
#####.# #.# #.# #......
#.# #.# #.###.# #.#
#.#########.# #.. #.#
#...........# ###
#.#################
#...gg@%......
##############


You could see 2 gnolls.

Vanquished Creatures
  A hound (D:3)
  An adder (D:3)
  An ooze (D:1)
  2 worms (D:3)
  2 dart slugs (D:1)
  2 leopard geckos
  4 orcs (D:3)
  2 giant cockroaches (D:1)
  3 goblins
  6 hobgoblins
  2 jackals (D:1)
  3 bats
  A frilled lizard (D:1)
  2 kobolds (D:1)
  2 rats
34 creatures vanquished.

Notes
Turn   | Place    | Note
-------+----------+-------------------------------------------
     0 | D:1      | grindst0ne the Octopode Fighter began the quest for the
                  | Orb.
     0 | D:1      | Reached XP level 1. HP: 16/16 MP: 1/1
    60 | D:1      | Reached XP level 2. HP: 12/21 MP: 2/2
   571 | D:1      | Reached XP level 3. HP: 22/26 MP: 3/3
   763 | D:2      | You fall through a shaft!
   960 | D:3      | Found a bloodstained altar of Trog.
   970 | D:3      | Reached XP level 4. HP: 33/33 MP: 4/4
  1124 | D:3      | Slain by a gnoll

Vault maps used:
D:1:      lightli_arrival_noodles
D:2:      lemuel_coloured_pillars_altar, okawaru_trees_2, uniq_jessica
D:3:      bloody_trog, led_sif_book, first_ration

Skill      XL: |  1  2  3 |
---------------+----------+-----
Maces & Flails | 3 |  3.2
Fighting       | |  3.9
Dodging        | |  3.0
Shields        | |  3.7

Action                   |  1- 3 |  4- 6 || total
-------------------------+-------+-------++-------
Melee: Flail             |    50 |    14 ||    64
       Tentacles         |    14 |     4 ||    18
       Constrict         |    15 |     6 ||    21
  Use: Potion            |       |     1 ||     1
 Stab: Sleeping          |     6 |       ||     6
  Eat: Chunk             |       |     1 ||     1
Armor: Skin              |     5 |     1 ||     6
Dodge: Dodged            |    24 |     5 ||    29
Block: Shield            |    22 |     4 ||    26

Table legend:
 A = Non-vault XP
 B = Vault XP
 C = Vault XP percentage of total XP
 D = Non-vault monster count
 E = Vault monster count
 F = Vault count percentage of total count
                 A         B        C        D         E       F
            +---------+---------+-------+---------+---------+-------
      Total |     135 |       0 |   0.0 |      34 |       0 |   0.0
            +---------+---------+-------+---------+---------+-------
        D:1 |      44 |       0 |   0.0 |      20 |       0 |   0.0
        D:2 |       1 |       0 |   0.0 |       1 |       0 |   0.0
        D:3 |      90 |       0 |   0.0 |      13 |       0 |   0.0
            +---------+---------+-------+---------+---------+-------
